 Dungeon Crawl Stone Soup version 0.27-a0-1555-g0e7b3fb1d2 (webtiles) character file.

Game seed: 4376871615278690801

100 Froggeryz the Cudgeller (level 5, -6/57 HPs)
             Began as a Human Gladiator on July 15, 2021.
             Killed from afar by an orc wizard (14 damage)
             ... with a puff of flame
             ... on level 3 of the Dungeon.
             The game lasted 00:02:01 (2254 turns).

Froggeryz the Cudgeller (Human Gladiator)           Turns: 2254, Time: 00:02:01

Health: -6/57      AC: 22    Str: 16    XL:     5   Next: 3%
Magic:  5/5        EV:  2    Int:  8    God:
Gold:   63         SH:  0    Dex: 14    Spells: 4/4 levels left

rFire    . . .     SeeInvis .   a - +0 flail
rCold    + . .     Faith    .   (no shield)
rNeg     + + +     Spirit   .   (armour currently unavailable)
rPois    +         Reflect  .   (helmet currently unavailable)
rElec    .         Harm     .   (cloak currently unavailable)
rCorr    .         Rampage  .   (gloves currently unavailable)
Will     .....     NoTele   +   (boots currently unavailable)
Stlth    +.........             (no amulet)
HPRegen  0.19/turn              l - ring of protection from cold
MPRegen  0.09/turn              (no ring)

@: lethally poisoned (-6 -> -16), tree-form
A: stationary, stasis, torment immunity, boosted hp
a: no special abilities


You were on level 3 of the Dungeon.
You were a tree.
You visited 1 branch of the dungeon, and saw 3 of its levels.

You collected 63 gold pieces.

Inventory:

Hand Weapons
 a - a +0 flail (weapon)
Missiles
 d - 3 throwing nets (quivered)
 e - 7 javelins
Armour
 b - a +0 leather armour (melded)
 c - a +0 helmet (melded)
Jewellery
 l - a ring of protection from cold (left branch)
Scrolls
 f - a scroll of torment {unknown}
 g - a scroll of immolation {unknown}
 i - 2 scrolls of identify {unknown}
 j - a scroll of teleportation {unknown}
 m - a scroll of enchant weapon {unknown}
Potions
 h - a potion of might {unknown}
 k - a potion of lignification
 n - 2 potions of magic {unknown}


   Skills:
 - Level 2.0 Fighting
 * Level 4.7 Maces & Flails
 - Level 2.0 Throwing
 + Level 2.1 Armour
 - Level 3.0 Dodging


You had 4 spell levels left.
You didn't know any spells.
Your spell library contained the following spells:

 Spells                   Type           Power      Damage    Failure   Level
 Beastly Appendage        Tmut           0%         N/A       41%         1
 Wereblood                Tmut           0%         N/A       54%         2
 Spider Form              Tmut/Pois      0%         N/A       78%         3


Dungeon Overview and Level Annotations

Branches:
Dungeon (3/15)

Altars:

Portals:
Sewer: D:3


Message History

You closely miss something. Something hits you.
You closely miss something. Something hits you.
You hit something.
An orc wizard appears from thin air!
Reactivating autopickup.
The orc wizard completely misses you.
You closely miss the orc wizard.
The orc wizard is lightly wounded.
The orc wizard casts a spell.
The orc wizard flickers and vanishes!
Deactivating autopickup; reactivate with Ctrl-A.
You closely miss something. Something hits you.
Something hits you but does no damage.
You are too injured to fight recklessly!
You are too injured to fight recklessly!
You are too injured to fight recklessly!
You barely miss something.
The kobold drinks a potion.
The kobold flickers and vanishes!
Something hits you but does no damage.
You sock something! Something hits you but does no damage.
You closely miss something. Something hits you.
A poisoned dart appears from out of thin air!
The poisoned dart hits you!
You are poisoned.
You miss something.
* * * LOW HITPOINT WARNING * * *
You feel very sick. Something hits you.
* * * LOW HITPOINT WARNING * * *
A poisoned dart appears from out of thin air!
The poisoned dart hits you.
You are more poisoned.
It was a potion of lignification.
You turn into a tree.
Your +0 helmet melds into your body.
Your +0 leather armour melds into your body.
Your roots penetrate the ground.
* * * LOW HITPOINT WARNING * * *
You feel very sick.
You hear some strange, mumbled words.
A puff of flame appears from out of thin air!
The puff of flame hits you!
You die...

#.###..#.# #.##
#......#.. ..##
#####.#### #### ##'## ##
# ##...## ##. #.
##.....## #.. ###..##
##.......## #..
......{###.........####.(
#....o{♣'.........'.....
..#...o###.........####..
##.#. ##.......## #.. #
#. ##.....## #.. ..
##...## ### ## ##'## #.#
#######.#
#.......##########


You could see 2 orcs.

Vanquished Creatures
  An orc wizard (D:3)
  An adder (D:2)
  2 gnolls (D:1)
  A dart slug (D:1)
  An orc (D:3)
  3 ball pythons
  6 endoplasms
  4 giant cockroaches
  7 goblins
  3 hobgoblins (D:1)
  2 quokkas
  4 bats
  2 frilled lizards
  4 kobolds
  2 rats
43 creatures vanquished.

Notes
Turn   | Place    | Note
-------+----------+-------------------------------------------
     0 | D:1      | Froggeryz the Human Gladiator began the quest for the Orb.
     0 | D:1      | Reached XP level 1. HP: 16/16 MP: 1/1
   143 | D:1      | Reached XP level 2. HP: 12/22 MP: 2/2
   310 | D:1      | Found a faded altar of an unknown god.
   470 | D:1      | Reached skill level 1 in Armour
   732 | D:1      | Reached XP level 3. HP: 25/27 MP: 3/3
   816 | D:1      | Reached skill level 4 in Maces & Flails
  1086 | D:1      | Reached XP level 4. HP: 33/33 MP: 4/4
  2046 | D:3      | Found a glowing drain.
  2238 | D:3      | Reached XP level 5. HP: 37/38 MP: 5/5
  2254 | D:3      | Killed from afar by an orc wizard

Illustrated notes

Levels and vault maps discovered:
D:1:      minmay_arrival_four_circles, layout_loops_ring,
          hellmonk_ecumenical_altar_pennies_from_heaven
D:2:      layout_basic
D:3:      layout_loops_corners, gammafunk_ghost_icy, gup_sewer_entry_glass,
          uniq_robin

Skill      XL: |  1  2  3  4 |
---------------+-------------+-----
Armour         | 1 2 |  2.1
Maces & Flails | 4 |  4.7
Fighting       | |  2.0
Throwing       | |  2.0
Dodging        | |  3.0

Action                   |  1- 3 |  4- 6 || total
-------------------------+-------+-------++-------
Melee: Flail             |    74 |    61 ||   135
  Use: Potion            |       |     1 ||     1
 Stab: Sleeping          |       |     2 ||     2
Armor: Leather armour    |    25 |    19 ||    44
Dodge: Dodged            |    47 |    30 ||    77

Table legend: (Time is in decaauts)
 A = Elapsed time spent in this place.
 B = Non-inter-level travel time spent in this place.
 C = Inter-level travel time spent in this place.
 D = Time resting spent in this place.
 E = Time spent auto-exploring this place.
 F = Levels seen in this place.
 G = Mean time per level.
                   A        B        C        D        E       F      G
               +--------+--------+--------+--------+--------+-----+--------+
         Total |   2282 |   2261 |     21 |      0 |   1950 |   3 |  760.7 |
       Dungeon |   2282 |   2261 |     21 |      0 |   1950 |   3 |  760.7 |
               +--------+--------+--------+--------+--------+-----+--------+

Top non-repeatable levels by time:
     D:1: 1279 daAuts
     D:2: 755 daAuts
     D:3: 247 daAuts
